 Seeded DCSS version 0.30-a0-799-g109b55a442 (webtiles) character file.

Game seed: 20230217 (custom seed)

7 Lucx527 the Chopper (level 1, 20/20 HPs)
             Began as a Minotaur Berserker on Feb 17, 2023.
             Was a Follower of Trog.
             Got out of the dungeon alive.
             The game lasted 00:01:29 (164 turns).

Lucx527 the Chopper (Minotaur Berserker)             Turns: 164, Time: 00:01:30

Health: 20/20      AC:  2    Str: 21    XL:     1   Next: 83%
Magic:  0/0        EV: 12    Int:  4    God:    Trog [*.....]
Gold:   8          SH:  0    Dex:  9    Spells: 0/0 levels left

rFire   . . .      SeeInvis .    a - +0 hand axe
rCold   . . .      Faith    .    (no shield)
rNeg    . . .      Spirit   .    b - +0 animal skin
rPois   .          Reflect  .    (helmet restricted)
rElec   .          Harm     .    (no cloak)
rCorr   .          Rampage  .    (no gloves)
Will    .....                    (no boots)
Stlth   +                        (no amulet)
HPRegen 0.23/turn                (no ring)
MPRegen 0.07/turn                (no ring)

@: no status effects
A: horns 2, retaliatory headbutt
a: Renounce Religion, Berserk


You escaped.
You worshipped Trog.
Trog was aware of your devotion.
You visited 1 branch of the dungeon, and saw 1 of its levels.

You collected 8 gold pieces.

Inventory:

Hand Weapons
 a - a +0 hand axe (weapon)
 d - a +0 dagger
Armour
 b - a +0 animal skin (worn)
 e - a +0 leather armour
Potions
 c - a potion of lignification {unknown}


   Skills:
 + Level 3.8 Fighting
 + Level 3.9 Axes
 + Level 2.4 Armour
 + Level 2.3 Dodging


You couldn't memorise any spells.
You didn't know any spells.
Your spell library was empty.

Dungeon Overview and Level Annotations

Branches:
Dungeon (1/15)

Altars:


Innate Abilities, Weirdness & Mutations

You have a pair of horns on your head.
You reflexively headbutt those who attack you in melee.


Message History

The jackal closely misses you.
You hit the jackal.
You kill the jackal!
Trog accepts your kill.
You see here a jackal corpse.
You see here a jackal corpse.
You start resting.
HP restored.
There is a faded altar of an unknown god here.
You see here a +0 dagger.
d - a +0 dagger
There is a faded altar of an unknown god here.
You see here a jackal corpse.
You open the door.
There is an open door here.
You open the door.
There is an open door here.
You see here a +0 leather armour.
e - a +0 leather armour No target in view!
No target in view!
Okay, then.
Welcome back, Lucx527 the Minotaur Berserker.
Game seed: 20230217 (custom seed) Trog says: Kill them all!
Press ? for a list of commands and other information.
Welcome back, Lucx527 the Minotaur Berserker.
Game seed: 20230217 (custom seed) Trog says: Kill them all!
Press ? for a list of commands and other information.
There is an open door here.
You open the door.
There is an open door here.
There is an open door here.
There is an open door here.
There is an open door here.
There is a staircase leading out of the dungeon here.
You can't go down here!
Are you sure you want to leave the Dungeon?
This will make you lose the game!
You have escaped!

#.....#..## ##.#.#....#
.....#...###############
##.###>.................
.........###.###'###.###
##.#####.......#.'.....+
.........#'#.#####'#.#+#
##.#####.'.#.+.....+.#
#.# #.#.#.#..@..#.# #.#
#.#.###..>..#+# #.#
###.#.# #.....# #.#
#...'.# #.....#
#.###..##+# #######
#.......+ ######..#
##.... #####


There were no monsters in sight!

Vanquished Creatures
  A hobgoblin (D:1)
  3 jackals (D:1)
  A quokka (D:1)
5 creatures vanquished.

Notes
Turn   | Place    | Note
-------+----------+-------------------------------------------
     0 | D:1      | Lucx527 the Minotaur Berserker began the quest for the Orb.
     0 | D:1      | Reached XP level 1. HP: 19/19 MP: 0/0
    23 | D:1      | Found a faded altar of an unknown god.
    98 | D:1      | Upgraded the game from 0.30-a0-779-g7971cf19c3 to
                  | 0.30-a0-799-g109b55a442
   164 | D:$      | Got out of the dungeon alive.

Illustrated notes

Levels and vault maps discovered:
D:1:      shiori_arrival_maze, layout_basic,
          ebering_ecumenical_altar_sacrificial

Action                     || total
---------------------------++-------
  Melee: Hand axe          ||    15
         Headbutt          ||     1
  Dodge: Dodged            ||    14

Table legend: (Time is in decaauts)
 A = Elapsed time spent in this place.
 B = Non-inter-level travel time spent in this place.
 C = Inter-level travel time spent in this place.
 D = Time resting spent in this place.
 E = Time spent auto-exploring this place.
 F = Levels seen in this place.
 G = Mean time per level.
                   A        B        C        D        E       F      G
               +--------+--------+--------+--------+--------+-----+--------+
         Total |    165 |    161 |      4 |      3 |      0 |   1 |  165.0 |
       Dungeon |    165 |    161 |      4 |      3 |      0 |   1 |  165.0 |
               +--------+--------+--------+--------+--------+-----+--------+

Top non-repeatable levels by time:
     D:1: 165 daAuts
